AoeStats
← Josmi-Ga'lock

Black Forest

511022810Analyzed
4v4 RM · 11h ago on Oct 3, 2026· 24m 54s· 8 players
Game mode
Random Map
Map size
Large (8 player)
Population
200
Speed
Normal
Resources
Standard
Victory
Conquest
Starting age
Dark Age
Ending age
Imperial Age
RankedLock teamsTeams togetherTeam positionsShared explorationLock speedFull tech treeHidden civsTurbo modeCheats
Victory
Defeat
🇵🇹 Lithuanians · Portugal
899
+15
🇫🇷 Chinese · France
887
+16
🇺🇸 Franks · United States
885
+16
🇺🇸 Byzantines · United States
856
+17
🇧🇷 Italians · Brazil
934
-18
🇻🇪 Varangians · Venezuela
887
-16
🇦🇷 Persians · Argentina
873
-16
🇦🇷 Mongols · Argentina
843
-14
marwenskio
1:49 Loom
17:08 Feudal Age
18:28 Wheelbarrow
23:18 Castle Age
21:09 Double-Bit Axe
Bavmorda
0:34 Loom
13:22 Feudal Age
22:10 Castle Age
21:36 Fletching
23:28 Crossbowman
24:09 Double-Bit Axe
24:08 Horse Collar
Gosu
10:26 Feudal Age
12:58 Double-Bit Axe
14:43 Horse Collar
15:01 Gold Mining
21:22 Castle Age
20:41 Fishing Lines
21:01 Stone Mining
23:28 Bow Saw
25:02 Gillnets
Exteme77
1:11 Loom
10:24 Feudal Age
17:37 Castle Age
15:42 Double-Bit Axe
24:29 Wheelbarrow
Bluezote
0:50 Loom
12:12 Feudal Age
15:50 Double-Bit Axe
17:08 Wheelbarrow
19:34 Castle Age
ChronoMiner
0:35 Loom
14:45 Feudal Age
17:24 Double-Bit Axe
17:23 Horse Collar
Abyssus
0:59 Loom
19:25 Feudal Age
Josmi-Ga'lock
0:29 Loom
14:53 Feudal Age
15:22 Town Watch
15:26 Double-Bit Axe
16:13 Horse Collar
Connection lost

Rejoining the realm…

Still unreachable

The connection could not be restored.

Session expired

The server has moved on; the page needs a fresh start.